 Dungeon Crawl Stone Soup version 0.31-a0-986-g5e6e4ef867 (webtiles) character file.

Game seed: 16409163411188675046

104 lunkers the Insei (level 5, 0/22 HPs)
             Began as a Meteoran Shapeshifter on Nov 7, 2023.
             Was a Believer of Dithmenos.
             Slain by a hobgoblin (3 damage)
             ... led by Robin
             ... on level 2 of the Dungeon.
             The game lasted 00:01:47 (547 turns).

lunkers the Insei (Meteoran Shapeshifter)            Turns: 547, Time: 00:01:47

Health: 0/22       AC:  5    Str: 20    XL:     5   Next: 30%
Magic:  6/6        EV: 10    Int: 11    God:    Dithmenos [**....]
Gold:   6          SH:  0    Dex: 16    Spells: 4/4 levels left

rFire   . .          .
                       - Unarmed
rCold   . . .        (shield currently unavailable)
rNeg    . . .        e - melded +0 ring mail
rPois   .            (helmet currently unavailable)
rElec   .            (cloak currently unavailable)
rCorr   .            (gloves currently unavailable)
SInv    .            (boots currently unavailable)
Will    .....        (no amulet)
Stlth   +            (no ring)
HPRegen 0.23/turn    (no ring)
MPRegen 0.10/turn

%: no passive effects
@: snake-form, glowing
A: constrict, reduced hp, large, sense surroundings 1, otherworldly, glowing,
explore regen
a: Begin Untransformation, Renounce Religion, Shadow Step


You were on level 2 of the Dungeon.
You worshipped Dithmenos.
Dithmenos was pleased with you.
You were an enormous anaconda.
You visited 1 branch of the dungeon, and saw 2 of its levels.

You collected 6 gold pieces.

Inventory:

Armour
 a - a +0 animal skin
 e - a +0 ring mail (melded)
 j - a +0 cloak of preservation
Talismans
 c - a beast talisman
 d - a flux talisman
 h - a serpent talisman (active)
Scrolls
 f - a scroll of immolation {unknown}
 g - 2 scrolls of identify {unknown}
 i - 3 scrolls of teleportation {unknown}
Potions
 b - a potion of lignification


   Skills:
 - Level 1.1 Fighting
 - Level 2.1 Dodging
 * Level 5.7 Unarmed Combat
 + Level 4.5 Shapeshifting


You had 4 spell levels left.
You didn't know any spells.
Your spell library was empty.

Dungeon Overview and Level Annotations

Branches:
Dungeon (2/15) Zot: 655

Altars:
Dithmenos

Annotations:
D:2 Robin


Innate Abilities, Weirdness & Mutations

You are an enormous anaconda.
You have a powerful constriction melee attack.
Your maximum health is decreased, since you lack skill for your form.
Your armour is entirely melded.
You are incapable of wielding weapons or throwing items.
You passively map a small area around you.
You are easily found by Zot.
You glow in the dark.
You regain HP and MP as you explore.


Message History

The goblin hits you with a +0 club.
* * * LOW HITPOINT WARNING * * *
The goblin hits you with a +0 dagger.
* * * LOW HITPOINT WARNING * * *
Unknown command.
You hit the goblin. You grab the goblin.
The goblin is severely wounded.
You constrict the goblin.
You kill the goblin!
Dithmenos accepts your kill. Robin throws the goblin at you!
The goblin hits you but does no damage. x2
Unknown command.
Unknown command.
You lash the goblin!
You kill the goblin!
Dithmenos accepts your kill. The goblin hits you with a +0 club.
* * * LOW HITPOINT WARNING * * *
The goblin closely misses you.
Unknown command.
You lash the goblin!
You kill the goblin!
Dithmenos accepts your kill. Robin barely misses you.
The goblin hits you but does no damage.
A goblin comes into view. It is wielding a +0 club.
Unknown command.
Unknown command.
The goblin shouts!
You hit the goblin.
You kill the goblin!
Dithmenos accepts your kill.
You hear a shout!
Robin roars a battlecry!
The goblin goes into a battle-frenzy!
The hobgoblin barely misses you.
Unknown command.
Unknown command.
You hit the hobgoblin but do no damage. Your grab misses the hobgoblin.
Robin completely misses you. The hobgoblin hits you.
You die...

* ... #........# #.....#.
* ..., #........#
#.###.#. .... #........
#.###.#. .....#.......
#.....## * ....g#.....#
** #..###.. *
...........#######..#.#.#
,
......)....##.......#....
#gg))# #.####.##.#.# *
#.)S.# #.##...#....# * *
#...)###.##†#.#..#.#
*#....!##.##.#....#.# *
.......#..#.##.....#...
...)..###.....##.######
.......# ###....#.#
.......# ###..#.# #######
##†#.# #.)......,


You could see Robin, a hobgoblin (strong) and a goblin (strong).

Vanquished Creatures
  Crazy Yiuf (D:2)
  Natasha (D:2)
  2 dart slugs
  2 endoplasms (D:1)
  A giant cockroach (D:2)
  14 goblins
  2 hobgoblins
  8 jackals
  A kobold (D:1)
  A ball python (D:1)
  3 bats (D:1)
  3 frilled lizards
  A rat (D:1)
40 creatures vanquished.

Notes
Turn   | Place    | Note
-------+----------+-------------------------------------------
     0 | D:1      | lunkers the Meteoran Shapeshifter began the quest for the
                  | Orb.
     0 | D:1      | Reached XP level 1. HP: 16/16 MP: 2/2
    20 | D:1      | Found a faded altar of an unknown god.
    61 | D:1      | Prayed at the altar of an unknown god.
    61 | D:1      | Became a worshipper of Dithmenos the Shadowed
    61 | D:1      | Reached * piety under Dithmenos
    73 | D:1      | Reached XP level 2. HP: 23/23 MP: 3/3
   122 | D:1      | Reached skill level 4 in Unarmed Combat
   178 | D:1      | Reached XP level 3. HP: 27/28 MP: 4/4
   344 | D:2      | Noticed Natasha
   351 | D:2      | Killed Natasha
   352 | D:2      | Reached skill level 5 in Unarmed Combat
   352 | D:2      | Reached XP level 4. HP: 35/35 MP: 5/5
   409 | D:2      | Found a runed translucent door.
   410 | D:2      | Noticed Crazy Yiuf
   416 | D:2      | Killed Crazy Yiuf
   417 | D:2      | Reached XP level 5. HP: 6/40 MP: 6/6
   502 | D:2      | Reached ** piety under Dithmenos
   532 | D:2      | Noticed Robin
   547 | D:2      | Slain by a hobgoblin

Illustrated notes

Levels and vault maps discovered:
D:1:      dpeg_arrival_tiny_j, layout_basic,
          hellmonk_ecumenical_altar_pennies_from_heaven, nrook_mini_vaults,
          minmay_small_reverse_x
D:2:      layout_basic, nicolae_half_adder, uniq_crazy_yiuf_cottage, uniq_robin,
          uniq_natasha

Skill      XL: |  1  2  3 |
---------------+----------+-----
Unarmed Combat | 4 5 |  5.7
Shapeshifting  | 4 |  4.5
Fighting       | |  1.1
Dodging        | |  2.1

Action                     |  1- 3 |  4- 6 || total
---------------------------+-------+-------++-------
  Melee: Unarmed           |    63 |    25 ||    88
         Constrict         |       |     6 ||     6
 Armour: Animal skin       |     3 |       ||     3
         Ring mail         |    27 |       ||    27
         Skin              |       |    22 ||    22
  Dodge: Dodged            |    41 |    10 ||    51
   Form: Anaconda          |       |     1 ||     1

Table legend: (Time is in decaauts)
 A = Elapsed time spent in this place.
 B = Non-inter-level travel time spent in this place.
 C = Inter-level travel time spent in this place.
 D = Time resting spent in this place.
 E = Time spent auto-exploring this place.
 F = Levels seen in this place.
 G = Mean time per level.
                   A        B        C        D        E       F      G
               +--------+--------+--------+--------+--------+-----+--------+
         Total |    543 |    543 |      0 |      0 |    340 |   2 |  271.5 |
       Dungeon |    543 |    543 |      0 |      0 |    340 |   2 |  271.5 |
               +--------+--------+--------+--------+--------+-----+--------+

Top non-repeatable levels by time:
     D:1: 341 daAuts
     D:2: 202 daAuts
